 Dungeon Crawl Stone Soup version 0.24-a0-618-ge4662a2d14 (webtiles) character file.

Game seed: 16393259440221517199, levelgen mode: deterministic

13784 Ilves the Severer (level 12, -16/165 HPs)
             Began as a Hill Orc Berserker on Sept 16, 2019.
             Was a High Priest of Trog.
             Killed from afar by a shock serpent (shapeshifter) (19 damage)
             ... with a bolt of electricity
             ... on level 9 of the Dungeon.
             The game lasted 00:23:44 (8933 turns).

Ilves the Severer (Hill Orc Berserker)              Turns: 8933, Time: 00:23:46

Health: -16/165    AC: 17    Str: 27      XL:     12   Next: 9%
Magic:  12/12      EV: 10    Int:  9 (11) God:    Trog [*****.]
Gold:   523        SH:  0    Dex: 13      Spells: 11/11 levels left

rFire    . . .     SeeInvis .   G - +2 war axe (elec)
rCold    + . .     Gourm    .   F - +0 buckler
rNeg     . . .     Faith    .   x - +2 chain mail {rC+}
rPois    .         Spirit   .   b - +0 helmet
rElec    .         Reflect  .   (no cloak)
rCorr    .         Harm     .   P - +2 pair of gloves "Zedda" {+Inv Int+4 Stlth+}
MR       .....                  r - +0 pair of boots
Stlth    ..........             (no amulet)
HPRegen  0.37/turn              (no ring)
MPRegen  0.13/turn              (no ring)

@: confused, berserking (expiring), very slightly contaminated, very quick
A: no striking features
a: Berserk, Trog's Hand, Brothers in Arms, Renounce Religion, Evoke Invisibility


You were on level 9 of the Dungeon.
You worshipped Trog.
Trog was extremely pleased with you.
You were very hungry.

You visited 1 branch of the dungeon, and saw 10 of its levels.
You also visited: Sewer and Bailey.

You collected 523 gold pieces.

Inventory:

Hand Weapons
 v - the +5 hunting sling of Qoiwn {venom, rC+ SInv}
   (You took it off an orc on level 3 of the Dungeon)

   It poisons the ammo it fires.
   It protects you from cold.
   It lets you see invisible.
 D - a +0 flail of holy wrath
 G - a +2 war axe of electrocution (weapon)
Armour
 b - a +0 helmet (worn)
 r - a +0 pair of boots (worn)
 x - a +2 chain mail of cold resistance (worn)
 F - a +0 buckler (worn)
 K - a cursed +0 chain mail
 P - the +2 pair of gloves "Zedda" (worn) {+Inv Int+4 Stlth+}
   (You found it on level 9 of the Dungeon)

   It affects your intelligence (+4).
   It lets you turn invisible.
   It makes you more stealthy.
Jewellery
 l - a cursed ring of teleportation {unknown}
 C - an uncursed ring of ice {unknown}
 L - an uncursed ring of poison resistance {unknown}
 N - an uncursed ring of positive energy {unknown}
Wands
 f - a wand of flame (25)
 O - a wand of acid (9)
 R - a wand of polymorph (11)
Scrolls
 a - 5 scrolls of fear
 d - 2 scrolls of amnesia {unknown}
 h - 2 scrolls of noise
 i - 5 scrolls of teleportation
 j - 4 scrolls of enchant armour
 n - a scroll of blinking {unknown}
 p - 2 scrolls of remove curse
 t - a scroll of magic mapping {unknown}
 y - a scroll of immolation {unknown}
 E - 2 scrolls of enchant weapon
 H - 3 scrolls of silence {unknown}
 M - 4 scrolls of vulnerability {unknown}
 Q - 2 scrolls of random uselessness {unknown}
Potions
 e - 2 potions of brilliance
 g - 2 potions of curing
 k - 2 potions of berserk rage
 o - a potion of ambrosia {unknown}
 q - a potion of mutation
 s - a potion of haste
 u - a potion of cancellation
 w - 2 potions of resistance {unknown}
 z - 3 potions of flight
 A - 2 potions of heal wounds
 B - 2 potions of agility {unknown}
 I - a potion of magic {unknown}
 J - 2 potions of degeneration {unknown}
Comestibles
 c - 16 rations
 m - 2 chunks of flesh


   Skills:
 + Level 11.5 Fighting
 + Level 17.4 Axes
 - Level 5.4 Armour
 - Level 3.5 Dodging
 * Level 7.2 Shields
 - Level 0.8 Evocations


You had 11 spell levels left.
You didn't know any spells.
Your spell library contained the following spells:

 Spells                   Type           Power        Failure   Level  Hunger
 Animate Skeleton         Necr           N/A          92%         1    ##.....
 Apportation              Tloc           #.....       92%         1    ##.....
 Confusing Touch          Hex            #.....       92%         1    ##.....
 Summon Small Mammal      Summ           #...         92%         1    ##.....
 Call Imp                 Summ           #.......     98%         2    ###....
 Call Canine Familiar     Summ           #.......     100%        3    ####...
 Summon Guardian Golem    Hex/Summ       #.......     100%        3    ####...
 Summon Ice Beast         Ice/Summ       #.......     100%        4    #####..
 Summon Lightning Spire   Summ/Air       #.......     100%        4    #####..


Dungeon Overview and Level Annotations

Branches:
Dungeon (10/15)            Temple (0/1) D:5             Orc (0/2) D:9
  Sewer (visited)          Bailey (visited)
   Lair: D:8-11

Altars:
Ashenzari
Dithmenos
Elyvilon
Fedhas
Makhleb
Nemelex Xobeh
Wu Jian
The Shining One
Beogh

Shops:
D:6 [

Annotations:
D:9 gentoosiast's ghost, novice DrCj


Message History

The crimson imp blinks!
Gentoosiast's ghost misses you.
You're too confused to move!
You feel a strong urge to attack something.
The crimson imp is engulfed in mutagenic fog.
The crimson imp blinks!
You hit gentoosiast's ghost.
Gentoosiast's ghost is moderately damaged.
Gentoosiast's ghost hits you!
* * * LOW HITPOINT WARNING * * *
You are electrocuted!!
* * * LOW HITPOINT WARNING * * *
Unknown command.
You are engulfed in mutagenic fog.
The mutagenic energy flows into you.
You are very lightly contaminated with residual magic.
The shock serpent shoots out a bolt of lightning at you!
The bolt of electricity hits gentoosiast's ghost!
Gentoosiast's ghost resists.
The bolt of electricity hits you!!
* * * LOW HITPOINT WARNING * * *
The bolt of electricity hits you!!
You die...

####### ##§§§§§##
#§§§!§§§#
#.......#########
#.#55F#5#.......#
#...5355#.......########
###5kS###.>.............
#55§33W@#.......##.#####
#.#.5S#.#..........(....
##.#§#.##......÷##......
#.#...#§#.......########
#...#...#.......# #
#.#...#.#.......# #
#.......#.......#
###'''###[......#
#.......#.......#


You could see a wind drake, a shock serpent shaped shifter, a black mamba, a
blink frog, 3 neqoxecs, 2 iron imps, 2 quasits, gentoosiast's ghost, 3 crimson
imps, a white imp and 2 shadow imps.

Vanquished Creatures
  A very ugly thing (D:9)
  2 two-headed ogres
  A glowing orange brain (D:9)
  A deep elf archer (Bailey)
  An ugly thing (D:9)
  10 deep elf magi (Bailey)
  A hornet (D:9)
  Grinder (D:4)
  5 hippogriffs
  A spriggan (D:7)
  Eustachio (D:5)
  7 yaks (D:9)
  Edmund (D:6)
  An orc warrior (D:7)
  Duvessa (D:5)
  4 ice beasts
  2 black bears
  An ogre (D:5)
  A necrophage (D:9)
  2 centaurs
  The ghost of Oninnaise the Chopper, an amateur DsGl (D:3)
  2 bullfrogs
  A big kobold (Sewer)
  Dowan (D:5)
  5 electric eels
  A howler monkey (D:4)
  2 crimson imps
  2 bullfrog zombies
  A centaur zombie (D:5)
  A quasit (D:9)
  8 hounds
  A bullfrog skeleton (D:9)
  3 jellies
  3 orc priests
  12 orc wizards
  A centaur skeleton (D:4)
  An iguana (D:3)
  4 worker ants
  A worker ant zombie (D:5)
  5 adders
  2 river rats (Sewer)
  A shadow imp (D:8)
  An adder zombie (D:7)
  An adder skeleton (D:5)
  2 dart slugs (D:1)
  8 leopard geckos
  33 orcs
  A ball python (D:3)
  8 giant cockroaches
  10 goblins
  5 hobgoblins
  10 jackals
  8 kobolds
  5 quokkas
  5 bats
  5 frilled lizards
  A jackal skeleton (D:7)
  A leopard gecko skeleton (D:4)
  8 rats
216 creatures vanquished.

Vanquished Creatures (collateral kills)
  2 ugly things (D:9)
2 creatures vanquished.

Vanquished Creatures (others)
  2 orcs (D:9)
  A rat (D:5)
3 creatures vanquished.

Grand Total: 221 creatures vanquished

Notes
Turn   | Place    | Note
-------+----------+-------------------------------------------
     0 | D:1      | Ilves the Hill Orc Berserker began the quest for the Orb.
     0 | D:1      | Reached XP level 1. HP: 19/19 MP: 1/1
    83 | D:1      | Reached XP level 2. HP: 21/27 MP: 2/2
   670 | D:1      | Reached XP level 3. HP: 33/33 MP: 3/3
   982 | D:2      | Found a shattered altar of Ashenzari.
   982 | D:2      | Found a burning altar of Makhleb.
   983 | D:2      | Found a sparkling altar of Nemelex Xobeh.
  1493 | D:2      | Reached ** piety under Trog
  1493 | D:2      | Reached skill level 5 in Axes
  1719 | D:3      | Reached XP level 4. HP: 39/41 MP: 4/4
  2046 | D:3      | Found a runed translucent gate.
  2046 | D:3      | Identified the +5 hunting sling of Qoiwn {venom, rC+ SInv}
  2046 | D:3      | Noticed Oninnaise's ghost (amateur DsGl)
  2050 | D:3      | Found a runed translucent gate.
  2050 | D:3      | Found a runed translucent gate.
  2054 | D:3      | Found a roughly hewn altar of Beogh.
  2441 | D:3      | Reached XP level 5. HP: 47/47 MP: 5/5
  2455 | D:3      | Killed Oninnaise's ghost
  2455 | D:3      | Reached skill level 6 in Axes
  2455 | D:3      | Reached XP level 6. HP: 48/55 MP: 6/6
  2618 | D:4      | Reached skill level 5 in Fighting
  2667 | D:4      | Noticed Grinder
  2702 | D:4      | Killed Grinder
  2702 | D:4      | Reached skill level 7 in Axes
  2702 | D:4      | Reached XP level 7. HP: 40/61 MP: 7/7
  2853 | D:4      | Reached skill level 8 in Axes
  2944 | D:4      | Found a white marble altar of Elyvilon.
  3205 | D:5      | Entered Level 5 of the Dungeon
  3208 | D:5      | Found a glowing drain.
  3214 | D:5      | Noticed Dowan
  3214 | D:5      | Noticed Duvessa
  3253 | D:5      | Killed Dowan
  3263 | Sewer    | Entered a sewer
  3345 | Sewer    | Reached *** piety under Trog
  3368 | Sewer    | Found a glowing silver altar of Zin.
  3423 | D:5      | Reached skill level 9 in Axes
  3433 | D:5      | Reached XP level 8. HP: 27/70 MP: 8/8
  3434 | D:5      | Killed Duvessa
  3460 | D:5      | HP: 2/70 [orc/+0 hand axe (3)]
  3465 | D:4      | HP: 1/70 [hound (1)]
  3779 | D:5      | Noticed Eustachio
  3997 | D:5      | Killed Eustachio
  3997 | D:5      | Reached skill level 10 in Axes
  4069 | D:5      | Found a staircase to the Ecumenical Temple.
  4550 | D:6      | Found a transporter.
  4831 | D:6      | Found a shadowy altar of Dithmenos.
  4915 | D:6      | Noticed Edmund
  4929 | D:6      | Killed Edmund
  4929 | D:6      | Reached skill level 11 in Axes
  4929 | D:6      | Reached XP level 9. HP: 79/79 MP: 9/9
  5007 | D:6      | Found Jevixu's Armour Emporium.
  5079 | D:6      | Found a transporter.
  5389 | D:6      | Reached skill level 5 in Armour
  5620 | D:7      | Reached **** piety under Trog
  5747 | D:7      | Reached skill level 12 in Axes
  6018 | D:7      | Found a glowing golden altar of the Shining One.
  6088 | D:7      | Reached skill level 1 in Shields
  6684 | D:8      | Reached skill level 13 in Axes
  6788 | D:8      | Noticed a two-headed ogre
  6796 | D:8      | Killed a two-headed ogre
  6796 | D:8      | Reached XP level 10. HP: 90/90 MP: 10/10
  6797 | D:8      | Found a blossoming altar of Fedhas.
  6914 | D:8      | Found an ornate altar of the Wu Jian Council.
  7049 | D:8      | Reached skill level 14 in Axes
  7240 | D:9      | Reached ***** piety under Trog
  7271 | D:9      | Found a flagged portal.
  7298 | Bailey   | Entered a bailey
  7376 | Bailey   | Noticed a deep elf mage
  7381 | Bailey   | Killed a deep elf mage
  7389 | Bailey   | Noticed a deep elf mage
  7390 | Bailey   | Noticed a deep elf mage
  7390 | Bailey   | Noticed a deep elf mage
  7390 | Bailey   | Noticed a deep elf mage
  7390 | Bailey   | Noticed a deep elf mage
  7390 | Bailey   | Noticed a deep elf mage
  7394 | Bailey   | Killed a deep elf mage
  7394 | Bailey   | Reached skill level 15 in Axes
  7394 | Bailey   | Reached skill level 5 in Shields
  7398 | Bailey   | Killed a deep elf mage
  7398 | Bailey   | Reached XP level 11. HP: 92/99 MP: 11/11
  7408 | Bailey   | Killed a deep elf mage
  7408 | Bailey   | Reached skill level 10 in Fighting
  7414 | Bailey   | Killed a deep elf mage
  7423 | Bailey   | Killed a deep elf mage
  7424 | Bailey   | Killed a deep elf mage
  7446 | Bailey   | Noticed a deep elf mage
  7446 | Bailey   | Noticed a deep elf mage
  7446 | Bailey   | Noticed a deep elf mage
  7455 | Bailey   | Killed a deep elf mage
  7455 | Bailey   | Reached skill level 16 in Axes
  7456 | Bailey   | Killed a deep elf mage
  7462 | Bailey   | Killed a deep elf mage
  7677 | Bailey   | Noticed a deep elf archer
  7685 | Bailey   | Killed a deep elf archer
  7923 | D:9      | Noticed a two-headed ogre
  7931 | D:9      | Killed a two-headed ogre
  7996 | D:9      | Found a runed translucent gate.
  7996 | D:9      | Found a runed translucent gate.
  7996 | D:9      | Found a runed translucent gate.
  7996 | D:9      | Noticed a cyan ugly thing
  7996 | D:9      | Noticed a red ugly thing
  7996 | D:9      | Noticed a glowing orange brain
  7997 | D:9      | Noticed a cyan very ugly thing
  7997 | D:9      | Noticed a brown ugly thing
  8142 | D:9      | Got a pair of smoking gloves
  8153 | D:9      | Identified the +2 pair of gloves "Zedda" {+Inv Int+4
                  | Stlth+} (You found it on level 9 of the Dungeon)
  8165 | D:9      | Found a staircase to the Orcish Mines.
  8447 | D:9      | Killed a red very ugly thing
  8448 | D:9      | Killed a red ugly thing
  8448 | D:9      | Reached skill level 17 in Axes
  8450 | D:9      | Killed a glowing orange brain
  8450 | D:9      | Killed a white ugly thing
  8450 | D:9      | Reached XP level 12. HP: 81/110 MP: 12/12
  8475 | D:10     | Entered Level 10 of the Dungeon
  8518 | D:10     | Paralysed by a hornet for 1 turns
  8520 | D:10     | Paralysed by a hornet for 1 turns
  8903 | D:9      | Found a runed translucent gate.
  8903 | D:9      | Found a runed translucent gate.
  8911 | D:9      | Found a runed translucent gate.
  8911 | D:9      | Noticed gentoosiast's ghost (novice DrCj)
  8918 | D:9      | Noticed a shock serpent
  8918 | D:9      | a floating eye changed into a shock serpent
  8933 | D:9      | HP: 3/165 [shock serpent (shapeshifter)/bolt of electricity
                  | (21)]
  8933 | D:9      | Killed from afar by a shock serpent (shapeshifter)

Levels and vault maps discovered:
D:1:      dpeg_arrival_prison, layout_loops_corners
D:2:      layout_loops_ring, chequers_temple_overflow_statue_of_worship,
          first_ration
D:3:      layout_loops_cross, biasface_ghost_orc_armoury
D:4:      layout_rooms, elyvilon_altar_1, uniq_grinder
D:5:      layout_basic, minmay_temple_entry_tees, cheibrodos_sewer_entry_drain,
          uniq_eustachio, uniq_duvessa
D:6:      gammafunk_steamed_eel, layout_basic, nicolae_dithmenos_the_darkroom,
          serial_shops, shop_coins, uniq_edmund
D:7:      cheibrodos_iron_armory, layout_loops_corners, lemuel_round_altar,
          the_bakery
D:8:      layout_rooms, basic_altar, fedhas_altar_1
D:9:      layout_basic, orc_0_dummy, enter_bailey_3,
          ploomutoo_gammafunk_ghost_potion_laboratory
D:10:     layout_layer_cave

Skill      XL: |  1  2  3  4  5  6  7  8  9 10 11 |
---------------+----------------------------------+-----
Fighting       | 4 5 6 7 8 9 11 | 11.5
Axes           | 5 6 7 9 11 13 15 17 | 17.4
Dodging        | 2 3 |  3.5
Armour         | 3 4 5 |  5.4
Shields        | 3 5 7 |  7.2
Evocations     | |  0.8

Action                   |  1- 3 |  4- 6 |  7- 9 | 10-12 || total
-------------------------+-------+-------+-------+-------++-------
Melee: Hand axe          |   107 |     4 |       |       ||   111
       Broad axe         |       |    84 |   306 |       ||   390
       War axe           |       |       |    34 |   173 ||   207
Invok: Berserk           |       |     1 |     5 |     3 ||     9
       Brothers in Arms  |       |       |       |     2 ||     2
       Trog's Hand       |       |       |       |     1 ||     1
Evoke: Wand              |       |       |     7 |     1 ||     8
  Use: Scroll            |       |       |     9 |     6 ||    15
       Potion            |       |       |     1 |       ||     1
  Eat: Chunk             |     3 |     4 |    17 |     7 ||    31
       Ration            |       |       |       |     1 ||     1
Armor: Animal skin       |    11 |       |       |       ||    11
       Scale mail        |    42 |    49 |       |       ||    91
       Ring mail         |       |     4 |   162 |       ||   166
       Chain mail        |       |       |    17 |    82 ||    99
Dodge: Dodged            |    80 |    47 |   247 |    61 ||   435
Block: Buckler           |       |       |     7 |    27 ||    34

Table legend:
 A = Non-vault XP
 B = Vault XP
 C = Vault XP percentage of total XP
 D = Non-vault monster count
 E = Vault monster count
 F = Vault count percentage of total count
                 A         B        C        D         E       F
            +---------+---------+-------+---------+---------+-------
      Total |    8294 |   11398 |  57.9 |     167 |      51 |  23.4
            +---------+---------+-------+---------+---------+-------
        D:1 |      40 |       2 |   4.8 |      21 |       1 |   4.5
        D:2 |      31 |       0 |   0.0 |       8 |       0 |   0.0
        D:3 |      82 |     171 |  67.6 |      19 |       8 |  29.6
        D:4 |     271 |     272 |  50.1 |      11 |       1 |   8.3
        D:5 |     558 |     415 |  42.7 |      24 |       5 |  17.2
        D:6 |     211 |     396 |  65.2 |       7 |       5 |  41.7
        D:7 |    1288 |     215 |  14.3 |      29 |       1 |   3.3
        D:8 |    1907 |       0 |   0.0 |      16 |       0 |   0.0
        D:9 |    3906 |    3409 |  46.6 |      32 |       9 |  22.0
      Sewer |       0 |     128 | 100.0 |       0 |      10 | 100.0
     Bailey |       0 |    6390 | 100.0 |       0 |      11 | 100.0
            +---------+---------+-------+---------+---------+-------
